 Dungeon Crawl Stone Soup version 0.15-a0-1579-gd26fec2 (webtiles) character file.

154 Chiseanne the Firebug (level 5, -1/35 HPs)
             Began as a Mummy Fire Elementalist on June 19, 2014.
             Was a Believer of Cheibriados.
             Killed from afar by Love's ghost (4 damage)
             ... with a magic dart
             ... on Level 3 of the Dungeon.
             The game lasted 00:13:30 (4457 turns).

Chiseanne the Firebug (Mummy Fire Elementalist)     Turns: 4457, Time: 00:13:30

HP  -1/35        AC  5     Str 15      XL: 5   Next: 13%
MP   0/11        EV 11     Int 19      God: Cheibriados [**....]
Gold 124         SH  0     Dex 16      Spells:  4 memorised,  2 levels left

rFire  x . .     SeeInvis .     a - +1 short sword
rCold  + + .     Clarity  .     g - +0 leather armour
rNeg   + + +     rCorr    .     (no shield)
rPois  +         rRot     +     e - +1 helmet
rElec  .         Spirit   .     (no cloak)
SustAb .         Warding  .     (no gloves)
rMut   .         Stasis   .     (no boots)
Gourm  .                        (no amulet)
MR     .....                    q - ring of protection from cold
                                o - ring of teleport control

@: very slow, not resistant to hostile enchantments, unstealthy
A: no food or potions, fire vulnerability, restore body, cold resistance 1, life
protection 3, poison resistance, torment resistance, unbreathing
a: Bend Time, Renounce Religion, Evoke Teleport Control


You were on level 3 of the Dungeon.
You worshipped Cheibriados.
Cheibriados was pleased with you.
You were not hungry.

You visited 1 branch of the dungeon, and saw 3 of its levels.

You collected 124 gold pieces.

Inventory:

Hand weapons
 a - a +1 short sword (weapon)
 l - a +0 war axe
Missiles
 h - 17 bolts
 p - 21 sling bullets
Armour
 e - a +1 helmet (worn)
 g - a +0 leather armour (worn)
Scrolls
 c - a scroll of random uselessness {unknown}
 d - a scroll of recharging {unknown}
 f - 4 scrolls of teleportation {unknown}
 i - a scroll of fear {unknown}
 j - a scroll of amnesia {unknown}
 k - 2 scrolls of identify {unknown}
 m - a scroll of fog {unknown}
 n - a scroll of remove curse {unknown}
Jewellery
 o - a ring of teleport control (left hand)
 q - a ring of protection from cold (right hand)
Books
 b - a book of Flames

   Spells                             Type                      Level
   *Flame Tongue                      Conjuration/Fire             1
   *Throw Flame                       Conjuration/Fire             2
   *Conjure Flame                     Conjuration/Fire             3
   *Inner Flame                       Hexes/Fire                   3
   Sticky Flame                       Conjuration/Fire             4
   Fireball                           Conjuration/Fire             5


   Skills:
 - Level 1.5 Dodging
 - Level 1.5 Stealth
 * Level 3.5 Spellcasting
 - Level 0.7 Conjurations
 * Level 3.7 Fire Magic
 * Level 1.0 Invocations


You had 2 spell levels left.
You knew the following spells:

 Your Spells              Type           Power        Failure   Level  Hunger
a - Flame Tongue          Conj/Fire      ##...        8%          1    N/A
b - Throw Flame           Conj/Fire      ##....       10%         2    N/A
c - Conjure Flame         Conj/Fire      ##......     17%         3    N/A
d - Inner Flame           Hex/Fire       ##......     21%         3    N/A

Dungeon Overview and Level Annotations

Branches:
Dungeon (3/15)

Altars:
Cheibriados
Nemelex Xobeh
Yredelemnul

Annotations:
D:3 Love's ghost, average OpCj


Innate Abilities, Weirdness & Mutations

You do not eat or drink.
Your flesh is vulnerable to fire.
Your flesh is cold resistant.
You are immune to negative energy.
Your system is resistant to poisons.
You are immune to unholy pain and torment.
You can survive without breathing.


Message History

The flame tongue hits Love's ghost.
Love's ghost is moderately damaged.
Love's ghost barely misses you.
Casting: Flame Tongue
Confirm with . or Enter, or press ? or * to list all spells.
You don't have enough magic to cast that spell.
Casting: Flame Tongue
Confirm with . or Enter, or press ? or * to list all spells.
You don't have enough magic to cast that spell.
Casting: Flame Tongue
Confirm with . or Enter, or press ? or * to list all spells.
You don't have enough magic to cast that spell.
You closely miss Love's ghost.
Love's ghost is moderately damaged.
Love's ghost hits you but does no damage.
You hit Love's ghost.
Love's ghost is heavily damaged.
Love's ghost gestures at you while chanting.
The magic dart hits you!
You die...

# #....W.W............ #
########......#........... #
##.....###....####....[....
#######...........###
##.......##
...............####
#.......... ######.........#
##.......## #.........#
####..#.#####
#.........#####.......######
#.........W@................
#.........#####>.......#####
#.........# #####.##.##
#.........# #.##..####
#.........# ##.###.#...
#.........# #........##
##.......## #....##.###
##.....## #...###....
####### ######..## ####.


You could see Love's ghost.

Vanquished Creatures
  A hound (D:3)
  5 adders (D:3)
  A giant mite (D:3)
  A worm (D:2)
  2 giant geckos
  2 oozes (D:1)
  An orc (D:3)
  4 giant cockroaches
  8 hobgoblins
  4 jackals (D:2)
  A ball python (D:3)
  10 bats
  5 giant newts
  7 goblins
  4 kobolds
  2 quokkas (D:3)
  9 rats
67 creatures vanquished.

Notes
Turn   | Place    | Note
--------------------------------------------------------------
     0 | D:1      | Chiseanne, the Mummy Fire Elementalist, began the quest for the Orb.
     0 | D:1      | Reached XP level 1. HP: 13/13 MP: 3/3
   653 | D:1      | Reached XP level 2. HP: 19/19 MP: 2/4
   657 | D:1      | Learned a level 2 spell: Throw Flame
   863 | D:1      | Reached skill level 3 in Fire Magic
  1752 | D:1      | Reached XP level 3. HP: 21/24 MP: 1/6
  2023 | D:2      | Found a snail-covered altar of Cheibriados.
  2037 | D:2      | Found a basalt altar of Yredelemnul.
  2039 | D:2      | Found a sparkling altar of Nemelex Xobeh.
  2169 | D:2      | Became a worshipper of Cheibriados the Contemplative
  2174 | D:2      | Learned a level 3 spell: Conjure Flame
  2592 | D:2      | HP: 1/24 [giant cockroach (1)]
  3043 | D:2      | HP: 1/24 [worm (7)]
  3617 | D:3      | Reached XP level 4. HP: 26/30 MP: 3/9
  3623 | D:3      | Learned a level 3 spell: Inner Flame
  4335 | D:3      | Reached XP level 5. HP: 29/35 MP: 6/11
  4435 | D:3      | Noticed Love's ghost (average OpCj)
  4454 | D:3      | Reached skill level 1 in Invocations
  4457 | D:3      | Killed from afar by Love's ghost

Action                   |  1- 3 |  4- 6 || total
-------------------------+-------+-------++-------
Melee: Dagger            |    55 |       ||    55
       Unarmed           |     4 |       ||     4
       Short sword       |    87 |    21 ||   108
 Cast: Flame Tongue      |    69 |    29 ||    98
       Conjure Flame     |     4 |       ||     4
       Throw Flame       |     3 |       ||     3
Invok: Bend Time         |       |     2 ||     2
 Stab: Sleeping          |     3 |     1 ||     4
